Map: Ever Dream LE

Players

Liquidthermy (uThermal) - Winner!

  • Race: Terran Terran
  • Spawn Location: 7:00

Zest

  • Race: Protoss Protoss
  • Spawn Location: 1:00

Event: Shopify TSL 5

VOD

Have the link to the VOD?

Description

Time

  • Played on: May 17, 2020, 7:14 a.m.
  • Length: 7:45

All games in this series

Show
View Real Time Build Order
Export as new Build Order

Liquidthermy Terran - Winner!

Build Orders: 1/1/1 

Get SALT Encoding   

  12  0:01  SCV  
  13  0:14  SCV  
  14  0:17  Supply Depot  
  14  0:26  SCV  
  14  0:27  Refinery  
  15  0:38  SCV  
  16  0:44  Barracks  
  16  0:50  SCV  
  17  1:02  SCV  
  18  1:14  SCV  
  19  1:31  Marine, Factory, Orbital Command  
  20  1:36  Supply Depot  
  20  1:49  Marine  
  21  1:57  SCV  
  22  2:07  Marine  
  23  2:09  SCV  
  23  2:14  Starport  
  23  2:15  Hellion  
  26  2:20  Supply Depot  
  26  2:21  SCV  
  27  2:25  Marine  
  28  2:33  SCV  
  28  2:36  Hellion  
  31  2:43  Marine  
  32  2:45  SCV  
  32  2:51  Medivac  
  35  2:57  Supply Depot  
  35  2:58  Hellion  
  37  3:02  Barracks Reactor  
  37  3:11  Command Center  
  37  3:15  Refinery  
  37  3:19  Widow Mine  
  40  3:31  Barracks  
  39  3:37  Barracks, SCV  
  40  3:49  SCV  
  40  3:50  Marine  
  35  4:03  Widow Mine  
  35  4:04  Marine  
  35  4:05  SCV  
  36  4:10  Marine  
  36  4:12  Bunker  
  37  4:17  SCV  
  37  4:19  Barracks Tech Lab  
  37  4:22  Marine  
  39  4:27  Orbital Command, Barracks Tech Lab  
  39  4:28  Marine  
  39  4:29  SCV  
  41  4:40  Marauder, Stimpack  
  41  4:41  Starport Reactor  
  41  4:42  SCV  
  41  4:45  Marine  
  44  4:49  Marine, Marauder  
  47  4:54  Combat Shield  
  47  4:56  SCV  
  47  4:58  SCV  
  49  5:03  Marine  
  48  5:07  Marine, Marauder  
  48  5:08  SCV  
  48  5:10  SCV  
  48  5:12  Marauder  
  55  5:20  SCV  
  55  5:21  Medivac x2  
  58  5:22  SCV  
  58  5:24  Marine  
  58  5:27  Supply Depot  
  62  5:36  Refinery  
  62  5:37  Engineering Bay, Marauder  
  62  5:45  Supply Depot  
  62  5:49  SCV x2, Marine x3  
  67  5:59  Marauder  
  67  6:01  SCV  
  70  6:07  SCV, Marauder  
  70  6:09  Missile Turret, Supply Depot  
  70  6:10  Marine  
  74  6:11  Marine  
  74  6:12  Concussive Shells  
  74  6:13  SCV  
  76  6:19  SCV  
  76  6:21  Supply Depot x2  
  76  6:25  SCV  
  78  6:30  Medivac  
  78  6:31  SCV, Marauder  
  80  6:34  Medivac  
  80  6:38  Marine  
  80  6:39  Marauder  
  80  6:41  Factory Reactor  
  80  6:44  Marine  
  81  6:54  Marauder  
  83  6:55  Command Center  
  83  6:56  Marine  
  83  7:00  Marauder  
  86  7:09  Barracks  
  86  7:10  Barracks  
  86  7:13  Marine  
  86  7:15  Marauder  
  90  7:24  Marine  
Show
View Real Time Build Order
Export as new Build Order

Zest Protoss 

Build Orders: 1 Gate Expand, Blink Stalkers 

Get SALT Encoding   

  12  0:01  Probe  
  13  0:13  Probe  
  14  0:17  Pylon  
  14  0:25  Probe (Chrono Boost)  
  15  0:37  Probe (Chrono Boost), Gateway  
  16  0:44  Probe (Chrono Boost)  
  16  0:46  Assimilator  
  17  0:51  Probe  
  18  1:03  Probe  
  19  1:15  Probe  
  20  1:24  Cybernetics Core  
  20  1:32  Nexus  
  20  1:35  Probe  
  21  1:42  Pylon  
  21  1:47  Probe  
  21  1:51  Assimilator  
  22  1:59  Adept (Chrono Boost), Probe  
  23  2:02  Warp Gate  
  24  2:11  Probe (Chrono Boost)  
  25  2:21  Probe (Chrono Boost)  
  26  2:24  Twilight Council  
  26  2:26  Probe (Chrono Boost)  
  27  2:34  Stalker  
  29  2:37  Probe  
  29  2:42  Gateway  
  30  2:45  Probe  
  30  2:50  Probe  
  32  2:55  Blink (Chrono Boost)  
  32  2:57  Probe  
  33  3:02  Probe  
  34  3:10  Stalker  
  37  3:14  Shield Battery  
  37  3:16  Probe  
  37  3:17  Probe  
  38  3:28  Probe  
  38  3:29  Probe  
  38  3:32  Gateway  
  40  3:40  Probe  
  39  3:41  Probe  
  35  3:50  Stalker x2  
  31  3:57  Probe x2 (Chrono Boost)  
  33  4:09  Probe (Chrono Boost)  
  35  4:15  Probe (Chrono Boost)  
  35  4:16  Stalker  
  37  4:17  Sentry  
  37  4:18  Probe (Chrono Boost)  
  37  4:22  Probe (Chrono Boost)  
  37  4:23  Stalker  
  41  4:25  Probe  
  42  4:33  Probe  
  42  4:36  Pylon  
  42  4:37  Probe  
  44  4:49  Probe (Chrono Boost)  
  44  4:50  Probe (Chrono Boost)  
  47  5:01  Probe (Chrono Boost)  
  47  5:03  Probe (Chrono Boost)  
  47  5:06  Nexus  
  47  5:07  Probe (Chrono Boost)  
  47  5:10  Sentry  
  47  5:11  Probe  
  51  5:14  Sentry  
  51  5:19  Pylon  
  53  5:22  Probe  
  54  5:35  Pylon  
  54  5:37  Probe (Chrono Boost)  
  54  5:38  Probe (Chrono Boost)  
  56  5:44  Forge  
  56  5:46  Pylon  
  56  5:49  Probe (Chrono Boost)  
  58  5:54  Probe (Chrono Boost)  
  58  5:56  Probe (Chrono Boost)  
  59  5:59  Stalker x3  
  59  6:01  Probe  
  59  6:03  Probe  
  67  6:13  Probe  
  67  6:15  Probe  
  67  6:18  Probe  
  70  6:23  Stalker x3  
  76  6:25  Probe  
  76  6:27  Probe  
  76  6:30  Probe  
  77  6:37  Probe  
  76  6:41  Probe  
  76  6:42  Probe  
  76  6:44  Gateway x2  
  76  6:46  Gateway  
  78  6:49  Probe  
  78  6:53  Sentry, Probe  
  82  6:54  Probe  
  83  7:02  Probe  
  83  7:03  Gateway  
  83  7:04  Gateway  
  83  7:05  Probe  
  83  7:06  Probe  
  83  7:07  Stalker x2  
  90  7:13  Robotics Facility  
  90  7:19  Zealot  
  69  7:35  Stalker x2  
Tags
 
Add a new tag
Caveats
  • Supply blocks, unpowered buildings, or Contaminate may cause inaccurate times.
  • Supply counts are checked every 10 seconds.